 Dungeon Crawl Stone Soup version 0.23.2-1-ga50397a6bc (webtiles) character file.

Game seed: 5512317100701502293

175 Horrz the Chopper (level 5, 0/42 HPs)
             Began as a Minotaur Gladiator on May 22, 2019.
             Slain by Sigmund
             ... wielding a +5 scythe of freezing
              (12 damage)
             ... on level 2 of the Dungeon.
             The game lasted 00:07:16 (2310 turns).

Horrz the Chopper (Minotaur Gladiator)              Turns: 2310, Time: 00:07:18

Health: 0/42       AC:  5    Str: 19    XL:     5   Next: 29%
Magic:  4/4        EV: 12    Int:  5    God:
Gold:   143        SH:  0    Dex: 12    Spells: 4/4 levels left

rFire    . . .     SeeInvis .   a - +0 war axe
rCold    . . .     Gourm    .   (no shield)
rNeg     . . .     Faith    .   b - +0 ring mail
rPois    .         Spirit   .   c - +0 hat
rElec    .         Reflect  .   (no cloak)
rCorr    .         Harm     .   (no gloves)
MR       .....                  (no boots)
Stlth    +.........             r - amulet of inaccuracy (curse)
HPRegen  0.14/turn              (no ring)
MPRegen  0.09/turn              (no ring)

@: no status effects
A: retaliatory headbutt, horns 2
a: no special abilities


You were on level 2 of the Dungeon.
You were not hungry.

You visited 1 branch of the dungeon, and saw 3 of its levels.

You collected 143 gold pieces.

Inventory:

Hand Weapons
 a - a +0 war axe (weapon)
Missiles
 d - 3 throwing nets (quivered)
Armour
 b - a +0 ring mail (worn)
 c - a +0 hat (worn)
Jewellery
 r - a cursed amulet of inaccuracy (around neck)
Scrolls
 e - a scroll of enchant armour {unknown}
 h - a scroll of amnesia {unknown}
 k - a scroll of enchant weapon {unknown}
 q - a scroll of magic mapping {unknown}
Potions
 g - a potion of experience {unknown}
 i - a potion of flight {unknown}
 j - a potion of resistance {unknown}
 l - a potion of curing {unknown}
 m - a potion of haste
 n - a potion of degeneration {unknown}
 o - a potion of mutation {unknown}
Comestibles
 f - 4 rations
 p - a chunk of flesh


   Skills:
 - Level 2.4 Fighting
 + Level 6.2 Axes
 - Level 2.0 Throwing
 + Level 3.4 Armour
 - Level 3.2 Dodging


You had 4 spell levels left.
You didn't know any spells.
Your spell library was empty.

Dungeon Overview and Level Annotations

Branches:
Dungeon (3/15)

Altars:

Annotations:
D:2 Crazy Yiuf, Sigmund


Innate Abilities, Weirdness & Mutations

You reflexively headbutt those who attack you in melee.
You have a pair of horns on your head.


Message History

Sigmund is lightly wounded.
Crazy Yiuf yells, "Orb!"
Sigmund hits you with a +5 scythe of freezing!
Sigmund freezes you.
You barely miss Sigmund.
Sigmund is lightly wounded.
You miss Sigmund.
Sigmund is lightly wounded.
You hit Crazy Yiuf but do no damage. Crazy Yiuf misses you.
Sigmund hits you with a +5 scythe of freezing!
Sigmund freezes you.
* * * LOW HITPOINT WARNING * * *
You miss Sigmund. Your headbutt misses Sigmund.
Sigmund is lightly wounded.
You closely miss Crazy Yiuf.
Crazy Yiuf grits, "Defame childish unthinkable!"
Crazy Yiuf closely misses you. You furiously retaliate!
You headbutt Crazy Yiuf!
Sigmund hits you with a +5 scythe of freezing!
You die...

########...######
#................
#.######.........
#.########.......
#.##.............
###.##.#####.......
#.....(## #.......
####.......#
#.......
#...@@.#####
######## .#.##g..#
####........##♣♣♣♣♣
..#...####.#...♣.♣♣♣
#### #.#...#
##...♣..♣..♣#...#
##.#...#
#......♣♣♣♣.'g..#
##.....####..#..♣♣
♣♣#..)#
#.........#..##♣♣
#### #............#


You could see Sigmund and Crazy Yiuf.

Vanquished Creatures
  A bullfrog zombie (D:2)
  A centaur skeleton (D:3)
  Terence (D:2)
  A gnoll (D:1)
  An adder (D:3)
  2 oozes
  3 worms (D:2)
  A dart slug (D:1)
  4 leopard geckos
  An orc (D:3)
  A bat (D:1)
  3 giant cockroaches
  6 goblins
  4 hobgoblins
  3 ball pythons
  2 frilled lizards (D:1)
  5 kobolds
  10 rats
50 creatures vanquished.

Notes
Turn   | Place    | Note
-------+----------+-------------------------------------------
     0 | D:1      | Horrz the Minotaur Gladiator began the quest for the Orb.
     0 | D:1      | Reached XP level 1. HP: 18/18 MP: 0/0
    43 | D:1      | Reached skill level 4 in Axes
    63 | D:1      | Reached XP level 2. HP: 16/25 MP: 1/1
   327 | D:1      | Reached skill level 5 in Axes
   633 | D:1      | Reached XP level 3. HP: 28/30 MP: 2/2
   942 | D:2      | Noticed Terence
   947 | D:2      | Killed Terence
   947 | D:2      | Reached skill level 1 in Armour
   971 | D:2      | Reached XP level 4. HP: 25/37 MP: 3/3
  1161 | D:2      | Noticed Sigmund
  1405 | D:3      | Reached skill level 6 in Axes
  1405 | D:3      | Reached XP level 5. HP: 39/42 MP: 4/4
  2077 | D:2      | Found a runed translucent door.
  2078 | D:2      | Noticed Crazy Yiuf
  2310 | D:2      | Slain by Sigmund

Skill      XL: |  1  2  3  4 |
---------------+-------------+-----
Axes           | 4 5 6 |  6.2
Armour         | 1 3 |  3.4
Fighting       | |  2.4
Throwing       | |  2.0
Dodging        | |  3.2

Action                   |  1- 3 |  4- 6 || total
-------------------------+-------+-------++-------
Melee: War axe           |    52 |    61 ||   113
       Headbutt          |    10 |    12 ||    22
  Eat: Chunk             |       |     4 ||     4
Armor: Leather armour    |     6 |       ||     6
       Ring mail         |       |    17 ||    17
Dodge: Dodged            |    22 |    39 ||    61
